Maple Leafs vs Penguins
(R1)
Created - 18 janvier 2015 at 23:58
Goals
|
| Maple Leafs |
0 |
1 |
1 |
2 |
| Penguins |
0 |
2 |
2 |
4 |
|
Shots
|
| Maple Leafs |
6 |
12 |
12 |
30 |
| Penguins |
11 |
13 |
3 |
27 |
|
1st period
No Goal
Penalties :
Fabian Brunnstrom (Tor) for Roughing (Minor) at 15:12, Paul Ranger (Pit) for Hooking (Minor) at 18:30
2nd period
1. Maple Leafs , Brendan Morrison 15 (Taylor Chorney, Braydon Coburn) at 5:09 (SH)
2. Penguins , Ryan Kesler 22 (Simon Gagné, Nathan Horton) at 7:55 (PP)
3. Penguins , Dustin Penner 15 (Unassisted) at 14:15
Penalties :
Fabian Brunnstrom (Tor) for Holding Stick (Minor) at 3:21, Jordan Staal (Tor) for Hooking (Minor) at 4:03, Evgeni Malkin (Tor) for Hooking (Minor) at 7:43, Fabian Brunnstrom (Tor) for Holding (Minor) at 10:10, Brendan Morrison (Tor) for High sticking (Minor) at 17:24
3rd period
4. Maple Leafs , Evgeni Malkin 31 (Claude Giroux) at 9:44 (PP)
5. Penguins , Bobby Ryan 15 (Dustin Penner) at 10:26
6. Penguins , Steven Stamkos 15 (Simon Gagné) at 16:52
Penalties :
Bobby Ryan (Pit) for Holding Stick (Minor) at 4:08, Brooks Orpik (Pit) for Hooking (Minor) at 9:34, Brent Sopel (Pit) for High sticking (Minor) at 13:18, Brian McGrattan (Pit) for Hooking (Minor) at 19:10
Goalie Stats
Marc-André Fleury (Tor), 23 saves from 27 shots - (0,852), L, 19-12-3, 60:00 minutes
Brian Elliott (Pit), 28 saves from 30 shots - (0,933), W, 23-14-3, 60:00 minutes
Players Stats for Maple Leafs
Player Name G A P +/- PIM S H SB GA TA FO MP PP MP PK MP
------------------------------------------------------------------------------------
Alexander Frolov 0 0 0 -2 0 1 1 0 0 0 2/4 17:10 2:04 2:43
Blake Comeau 0 0 0 -1 0 0 1 1 0 0 0/0 7:57 0:01 0:00
Braydon Coburn 0 1 1 -2 0 1 1 1 1 0 0/0 20:52 0:00 2:53
Brendan Morrison 1 0 1 -1 2 2 2 0 0 0 5/11 15:47 2:04 1:41
Byron Bitz 0 0 0 -2 0 0 1 0 1 1 0/0 14:06 2:04 0:00
Claude Giroux 0 1 1 0 0 4 2 2 1 2 2/4 24:14 4:51 5:23
Colby Armstrong 0 0 0 0 0 4 2 0 0 0 0/0 9:54 0:00 0:00
Dion Phaneuf 0 0 0 -2 0 4 4 2 0 2 0/0 29:45 4:58 5:57
Evgeni Malkin 1 0 1 0 2 6 2 0 1 0 19/42 23:08 4:51 3:57
Fabian Brunnstrom 0 0 0 0 6 0 1 1 0 0 0/0 19:20 4:51 0:13
Jamie McBain 0 0 0 0 0 0 0 1 0 0 0/0 14:40 1:58 0:00
Jordan Staal 0 0 0 -1 2 1 2 0 0 0 3/7 13:01 0:01 2:06
Justin Abdelkader 0 0 0 -1 0 2 0 0 0 0 0/0 8:07 0:01 0:10
Lubomir Visnovsky 0 0 0 0 0 1 1 0 0 2 0/0 14:39 1:58 0:00
Matt Pettinger 0 0 0 0 0 0 1 0 1 0 0/0 9:54 0:00 0:00
Rob Schremp 0 0 0 0 0 3 1 0 0 0 1/1 7:09 0:00 0:09
Taylor Chorney 0 1 1 0 0 0 0 1 0 0 0/0 15:36 0:00 2:53
Tobias Enstrom 0 0 0 0 0 1 0 4 1 2 0/0 24:28 4:58 5:57
Players Stats for Penguins
Player Name G A P +/- PIM S H SB GA TA FO MP PP MP PK MP
------------------------------------------------------------------------------------
Bobby Ryan 1 0 1 2 2 3 3 1 0 0 1/1 17:17 3:28 0:00
Brent Sopel 0 0 0 2 2 4 2 1 1 0 0/0 28:33 5:30 2:58
Brian McGrattan 0 0 0 0 2 0 2 0 1 0 0/0 12:24 0:05 0:00
Brooks Orpik 0 0 0 2 2 1 2 1 2 2 0/0 29:08 5:25 3:56
Denis Arkhipov 0 0 0 0 0 0 0 0 1 0 2/3 6:51 0:00 0:25
Dennis Seidenberg 0 0 0 1 0 0 0 0 0 2 0/0 11:30 0:00 2:01
Dustin Penner 1 1 2 0 0 0 3 0 0 0 0/1 18:28 3:28 2:02
Eric Boulton 0 0 0 1 0 0 0 0 0 0 0/0 0:17 0:00 0:13
Luke Schenn 0 0 0 1 0 1 0 0 0 0 0/0 9:29 0:00 0:00
Nathan Horton 0 1 1 0 0 3 0 0 2 0 0/0 18:55 5:17 0:00
Paul Ranger 0 0 0 -1 2 0 0 0 0 0 0/0 20:38 3:25 2:07
Peter Forsberg 0 0 0 1 0 2 0 1 0 0 6/10 21:38 3:28 4:41
Raffi Torres 0 0 0 0 0 0 0 0 0 0 0/0 5:12 0:00 0:00
Ryan Kesler 1 0 1 0 0 4 1 0 1 1 22/41 26:00 5:17 4:26
Sean Zimmerman 0 0 0 -1 0 0 0 0 0 1 0/0 21:12 3:25 2:50
Simon Gagné 0 2 2 0 0 4 0 1 1 0 2/2 19:43 5:17 1:02
Steve Sullivan 0 0 0 0 0 1 2 3 0 0 0/1 12:51 0:05 0:00
Steven Stamkos 1 0 1 1 0 4 2 1 0 0 4/10 12:52 0:00 1:03
3 Stars
1 - Dustin Penner (Pit)
2 - Steven Stamkos (Pit)
3 - Bobby Ryan (Pit)
Power Play
Maple Leafs - 1 on 6 Attempt(s) - 16,67%
Penguins - 1 on 6 Attempt(s) - 16,67%
Penalty Kill
Maple Leafs - 5 on 6 Attempt(s) - 83,33%
- Score 1 goal in Penalty Kill
Penguins - 5 on 6 Attempt(s) - 83,33%
- Score 0 goal in Penalty Kill
Team Stat
Maple Leafs - Hits : 22 - Faceoff Wins : 32 - Blocked Shots : 13 - Penalty Minutes : 12
Penguins - Hits : 17 - Faceoff Wins : 37 - Blocked Shots : 9 - Penalty Minutes : 10
Official
Referees : Pochmara Brian and O'Halloran Dan
Linesman : Scott Driscoll and Steve Miller
Game Notes
14:15 of 2nd period - Penalty Shot by Dustin Penner for Penguins - Goal!
Finance
Level 1 -- Attendance: 5904 (98,40%) -- Ticket Income 466 416 $
Level 2 -- Attendance: 5000 (100,00%) -- Ticket Income 225 000 $
Level 3 -- Attendance: 2000 (100,00%) -- Ticket Income 62 000 $
Level 4 -- Attendance: 4000 (100,00%) -- Ticket Income 64 000 $
Luxury Box -- Attendance: 904 (90,40%) -- Ticket Income 150 968 $
Game was played at the Igloo'
Total Attendance: 17808 (98,93%)
Total Ticket Income: 968 384 $
Other Income: 145 258 $
Total Income: 1 113 642 $
Maple Leafs
5 vs 5 Forward
Center Left Wing Right Wing Time % Phy DF OF
1 Evgeni Malkin Fabian Brunnstrom Claude Giroux 40 1 2 2
2 Brendan Morrison Alexander Frolov Byron Bitz 30 1 2 2
3 Jordan Staal Matt Pettinger Colby Armstrong 20 1 2 2
4 Rob Schremp Justin Abdelkader Blake Comeau 10 1 2 2
5 vs 5 Defense
Defense Defense Time % Phy DF OF
1 Dion Phaneuf Braydon Coburn 40 1 3 1
2 Tobias Enstrom Lubomir Visnovsky 30 1 2 2
3 Taylor Chorney Jamie McBain 20 1 2 2
4 Dion Phaneuf Tobias Enstrom 10 1 2 2
PowerPlay Forward
Center Left Wing Right Wing Time % Phy DF OF
1 Evgeni Malkin Fabian Brunnstrom Claude Giroux 60 1 2 2
2 Brendan Morrison Alexander Frolov Byron Bitz 40 1 2 2
PowerPlay Defense
Defense Defense Time % Phy DF OF
1 Dion Phaneuf Tobias Enstrom 60 1 2 2
2 Lubomir Visnovsky Jamie McBain 40 1 2 2
Penalty Kill 4 Players Forward
Center Wing Time % Phy DF OF
1 Evgeni Malkin Claude Giroux 60 1 2 2
2 Jordan Staal Alexander Frolov 40 1 2 2
Penalty Kill 4 Players Defense
Defense Defense Time % Phy DF OF
1 Dion Phaneuf Tobias Enstrom 60 1 2 2
2 Taylor Chorney Braydon Coburn 40 1 2 2
Penalty Kill - 3 Players Forward
Forward Time % Phy DF OF
1 Claude Giroux 60 1 2 2
2 Evgeni Malkin 40 1 2 2
Penalty Kill - 3 Players Defense
Defense Defense Time % Phy DF OF
1 Dion Phaneuf Tobias Enstrom 60 1 2 2
2 Taylor Chorney Braydon Coburn 40 1 2 2
4 vs 4 Forward
Center Wing Time % Phy DF OF
1 Evgeni Malkin Claude Giroux 60 1 2 2
2 Brendan Morrison Alexander Frolov 40 1 2 2
4 vs 4 Defense
Defense Defense Time % Phy DF OF
1 Dion Phaneuf Tobias Enstrom 60 1 2 2
2 Lubomir Visnovsky Braydon Coburn 40 1 2 2
Last Minutes Offensive
Center Left Wing Right Wing Defense Defense
Evgeni Malkin Alexander Frolov Claude Giroux Dion Phaneuf Tobias Enstrom
Last Minutes Defensive
Center Left Wing Right Wing Defense Defense
Evgeni Malkin Alexander Frolov Claude Giroux Dion Phaneuf Braydon Coburn
Goaltenders
Starting : Marc-André Fleury
Backup : Niklas Backstrom
Extra Forwards
Normal : Jordan Staal, Claude Giroux, Byron Bitz - PP : Jordan Staal, Byron Bitz - PK : Brendan Morrison
Extra Defensemen
Normal : Tobias Enstrom, Dion Phaneuf, Lubomir Visnovsky - PP : Tobias Enstrom - PK : Braydon Coburn, Dion Phaneuf
Penalty Shots
Claude Giroux, Evgeni Malkin, Alexander Frolov, Brendan Morrison, Byron Bitz
Penguins
5 vs 5 Forward
Center Left Wing Right Wing Time % Phy DF OF
1 Ryan Kesler Simon Gagné Nathan Horton 40 1 2 2
2 Peter Forsberg Dustin Penner Bobby Ryan 30 1 2 2
3 Steven Stamkos Steve Sullivan Brian McGrattan 20 1 2 2
4 Denis Arkhipov Raffi Torres Ryan Kesler 10 1 2 2
5 vs 5 Defense
Defense Defense Time % Phy DF OF
1 Brooks Orpik Brent Sopel 40 1 2 2
2 Sean Zimmerman Paul Ranger 30 1 2 2
3 Luke Schenn Dennis Seidenberg 20 1 2 2
4 Brooks Orpik Brent Sopel 10 1 2 2
PowerPlay Forward
Center Left Wing Right Wing Time % Phy DF OF
1 Ryan Kesler Simon Gagné Nathan Horton 60 1 2 2
2 Peter Forsberg Dustin Penner Bobby Ryan 40 1 2 2
PowerPlay Defense
Defense Defense Time % Phy DF OF
1 Brooks Orpik Brent Sopel 60 1 2 2
2 Sean Zimmerman Paul Ranger 40 1 2 2
Penalty Kill 4 Players Forward
Center Wing Time % Phy DF OF
1 Ryan Kesler Peter Forsberg 60 1 2 2
2 Simon Gagné Dustin Penner 40 1 2 2
Penalty Kill 4 Players Defense
Defense Defense Time % Phy DF OF
1 Brooks Orpik Brent Sopel 60 1 2 2
2 Sean Zimmerman Paul Ranger 40 1 2 2
Penalty Kill - 3 Players Forward
Forward Time % Phy DF OF
1 Ryan Kesler 60 1 2 2
2 Peter Forsberg 40 1 2 2
Penalty Kill - 3 Players Defense
Defense Defense Time % Phy DF OF
1 Brooks Orpik Brent Sopel 60 1 2 2
2 Sean Zimmerman Paul Ranger 40 1 2 2
4 vs 4 Forward
Center Wing Time % Phy DF OF
1 Ryan Kesler Peter Forsberg 60 1 2 2
2 Simon Gagné Dustin Penner 40 1 2 2
4 vs 4 Defense
Defense Defense Time % Phy DF OF
1 Brooks Orpik Brent Sopel 60 1 2 2
2 Sean Zimmerman Paul Ranger 40 1 2 2
Last Minutes Offensive
Center Left Wing Right Wing Defense Defense
Ryan Kesler Simon Gagné Nathan Horton Brooks Orpik Brent Sopel
Last Minutes Defensive
Center Left Wing Right Wing Defense Defense
Ryan Kesler Simon Gagné Nathan Horton Brooks Orpik Brent Sopel
Goaltenders
Starting : Brian Elliott
Backup : Josh Tordjman
Extra Forwards
Normal : Steve Sullivan, Brian McGrattan, Steven Stamkos - PP : Steve Sullivan, Brian McGrattan - PK : Steven Stamkos
Extra Defensemen
Normal : Luke Schenn, Dennis Seidenberg, Sean Zimmerman - PP : Luke Schenn - PK : Dennis Seidenberg, Sean Zimmerman
Penalty Shots
Ryan Kesler, Peter Forsberg, Simon Gagné, Dustin Penner, Nathan Horton
% Time on Ice - Maple Leafs
Lines # - Real PCT - Wanted PCT - Time Play
Normal Forward
1 - 32% - 40% - 14:22
2 - 30% - 30% - 13:05
3 - 22% - 20% - 9:54
4 - 16% - 10% - 6:53
Normal Defense
1 - 42% - 40% - 18:41
2 - 29% - 30% - 12:42
3 - 27% - 20% - 11:50
4 - 2% - 10% - 1:01
PP Forward
1 - 70% - 60% - 4:51
2 - 30% - 40% - 2:05
PP Defense
1 - 72% - 60% - 4:58
2 - 28% - 40% - 1:58
PK Forward
1 - 77% - 60% - 5:50
2 - 23% - 40% - 1:43
PK Defense
1 - 68% - 60% - 5:06
2 - 32% - 40% - 2:27
PK3 Forward
1 - 90% - 60% - 1:09
2 - 10% - 40% - 0:08
PK3 Defense
1 - 66% - 60% - 0:51
2 - 34% - 40% - 0:26
44 Forward
1 - 0% - 60%
2 - 0% - 40%
44 Defense
1 - 0% - 60%
2 - 0% - 40%
Last Minute Offensive - 0:00
Last Minute Defensive - 0:00
Total
Forward - 60:00
Defense - 60:00
|
% Time on Ice - Penguins
Lines # - Real PCT - Wanted PCT - Time Play
Normal Forward
1 - 32% - 40% - 14:15
2 - 30% - 30% - 13:24
3 - 26% - 20% - 11:23
4 - 12% - 10% - 5:12
Normal Defense
1 - 42% - 40% - 18:23
2 - 33% - 30% - 14:38
3 - 21% - 20% - 9:29
4 - 4% - 10% - 1:44
PP Forward
1 - 61% - 60% - 5:22
2 - 39% - 40% - 3:28
PP Defense
1 - 61% - 60% - 5:25
2 - 39% - 40% - 3:25
PK Forward
1 - 85% - 60% - 5:54
2 - 15% - 40% - 1:02
PK Defense
1 - 62% - 60% - 4:19
2 - 38% - 40% - 2:37
PK3 Forward
1 - 0% - 60%
2 - 0% - 40%
PK3 Defense
1 - 0% - 60%
2 - 0% - 40%
44 Forward
1 - 0% - 60%
2 - 0% - 40%
44 Defense
1 - 0% - 60%
2 - 0% - 40%
Last Minute Offensive - 0:00
Last Minute Defensive - 0:00
Total
Forward - 60:00
Defense - 60:00
|
Play by Play
1st period
0:01 of 1st period - Evgeni Malkin wins face-off versus Ryan Kesler in neutral zone.
0:14 of 1st period - Wrist shot by Nathan Horton.
0:14 of 1st period - Stopped by Marc-André Fleury without a rebound.
0:15 of 1st period - Peter Forsberg wins face-off versus Brendan Morrison in Maple Leafs zone.
0:28 of 1st period - Wrist shot by Peter Forsberg.
0:28 of 1st period - Shot Misses the Net.
0:30 of 1st period - Wrist shot by Paul Ranger.
0:30 of 1st period - Deflect By Peter Forsberg.
0:30 of 1st period - Stopped by Marc-André Fleury without a rebound.
0:31 of 1st period - Steven Stamkos wins face-off versus Jordan Staal in Maple Leafs zone.
0:46 of 1st period - Slapshot by Steven Stamkos.
0:46 of 1st period - Shot Blocked by Taylor Chorney.
2:08 of 1st period - Dion Phaneuf is hit by Brooks Orpik and loses puck.
2:52 of 1st period - Snap shot by Evgeni Malkin.
2:52 of 1st period - Stopped by Brian Elliott without a rebound.
2:53 of 1st period - Evgeni Malkin wins face-off versus Peter Forsberg in Penguins zone.
2:58 of 1st period - Wrist shot by Evgeni Malkin.
2:58 of 1st period - Shot Misses the Net.
3:18 of 1st period - Snap shot by Bobby Ryan.
3:18 of 1st period - Stopped by Marc-André Fleury with a rebound.
3:20 of 1st period - Wrist shot by Bobby Ryan.
3:20 of 1st period - Stopped by Marc-André Fleury with a rebound.
3:28 of 1st period - Slapshot by Bobby Ryan.
3:28 of 1st period - Shot Blocked by Tobias Enstrom.
3:30 of 1st period - Wrist shot by Peter Forsberg.
3:30 of 1st period - Shot Blocked by Tobias Enstrom.
3:34 of 1st period - Wrist shot by Peter Forsberg.
3:34 of 1st period - Stopped by Marc-André Fleury with a rebound.
3:36 of 1st period - Slapshot by Sean Zimmerman.
3:36 of 1st period - Shot Blocked by Claude Giroux.
3:47 of 1st period - Claude Giroux is hit by Bobby Ryan.
4:24 of 1st period - Wrist shot by Evgeni Malkin.
4:24 of 1st period - Shot Misses the Net.
4:30 of 1st period - Wrist shot by Claude Giroux.
4:30 of 1st period - Shot Misses the Net.
4:32 of 1st period - Wrist shot by Dion Phaneuf.
4:32 of 1st period - Deflect By Evgeni Malkin.
4:32 of 1st period - Shot Misses the Net.
4:32 of 1st period - Puck is out of play.
4:33 of 1st period - Brendan Morrison wins face-off versus Ryan Kesler in Penguins zone.
4:44 of 1st period - Snap shot by Ryan Kesler.
4:44 of 1st period - Shot Misses the Net.
5:26 of 1st period - Snap shot by Ryan Kesler.
5:26 of 1st period - Shot Blocked by Blake Comeau.
6:02 of 1st period - Byron Bitz is hit by Brian McGrattan and loses puck.
7:00 of 1st period - Snap shot by Justin Abdelkader.
7:00 of 1st period - Shot Misses the Net.
8:27 of 1st period - Steven Stamkos is hit by Dion Phaneuf and loses puck.
9:02 of 1st period - Sean Zimmerman is hit by Dion Phaneuf and loses puck.
10:59 of 1st period - Brooks Orpik is hit by Brendan Morrison.
11:31 of 1st period - Dennis Seidenberg is hit by Jordan Staal and loses puck.
11:59 of 1st period - Brooks Orpik is hit by Alexander Frolov.
12:32 of 1st period - Taylor Chorney is hit by Steve Sullivan and loses puck.
12:55 of 1st period - Brooks Orpik is hit by Jordan Staal and loses puck.
13:03 of 1st period - Icing by Simon Gagné.
13:04 of 1st period - Evgeni Malkin wins face-off versus Steve Sullivan in Penguins zone.
13:05 of 1st period - Wrist shot by Claude Giroux.
13:05 of 1st period - Shot Misses the Net.
13:07 of 1st period - Wrist shot by Evgeni Malkin.
13:07 of 1st period - Stopped by Brian Elliott with a rebound.
13:09 of 1st period - Slapshot by Lubomir Visnovsky.
13:09 of 1st period - Stopped by Brian Elliott without a rebound.
13:10 of 1st period - Evgeni Malkin wins face-off versus Steven Stamkos in Penguins zone.
13:19 of 1st period - Wrist shot by Claude Giroux.
13:19 of 1st period - Deflect By Evgeni Malkin.
13:19 of 1st period - Shot Misses the Net.
13:19 of 1st period - Puck is out of play.
13:20 of 1st period - Evgeni Malkin wins face-off versus Ryan Kesler in Penguins zone.
13:31 of 1st period - Snap shot by Evgeni Malkin.
13:31 of 1st period - Shot Misses the Net.
13:35 of 1st period - Wrist shot by Claude Giroux.
13:35 of 1st period - Shot Blocked by Brent Sopel.
13:53 of 1st period - Snap shot by Tobias Enstrom.
13:53 of 1st period - Shot Misses the Net.
14:08 of 1st period - Slapshot by Brooks Orpik.
14:08 of 1st period - Shot Misses the Net.
14:10 of 1st period - Slapshot by Brent Sopel.
14:10 of 1st period - Shot Misses the Net.
14:12 of 1st period - Snap shot by Steven Stamkos.
14:12 of 1st period - Stopped by Marc-André Fleury with a rebound.
14:18 of 1st period - Slapshot by Steven Stamkos.
14:18 of 1st period - Stopped by Marc-André Fleury without a rebound.
14:19 of 1st period - Evgeni Malkin wins face-off versus Ryan Kesler in Maple Leafs zone.
15:12 of 1st period - Minor Penalty to Fabian Brunnstrom for Roughing.
15:13 of 1st period - Ryan Kesler wins face-off versus Evgeni Malkin in Maple Leafs zone.
15:14 of 1st period - Wrist shot by Nathan Horton.
15:14 of 1st period - Stopped by Marc-André Fleury without a rebound.
15:15 of 1st period - Ryan Kesler wins face-off versus Evgeni Malkin in Maple Leafs zone.
15:22 of 1st period - Snap shot by Simon Gagné.
15:22 of 1st period - Shot Misses the Net.
15:24 of 1st period - Snap shot by Simon Gagné.
15:24 of 1st period - Stopped by Marc-André Fleury with a rebound.
15:26 of 1st period - Wrist shot by Ryan Kesler.
15:26 of 1st period - Stopped by Marc-André Fleury without a rebound.
15:27 of 1st period - Ryan Kesler wins face-off versus Evgeni Malkin in Maple Leafs zone.
17:12 of 1st period - Penalty to Fabian Brunnstrom is over, Fabian Brunnstrom is back on ice.
17:20 of 1st period - Slapshot by Colby Armstrong.
17:20 of 1st period - Stopped by Brian Elliott without a rebound.
17:21 of 1st period - Steven Stamkos wins face-off versus Jordan Staal in Penguins zone.
17:34 of 1st period - Snap shot by Steven Stamkos.
17:34 of 1st period - Shot Misses the Net.
17:36 of 1st period - Snap shot by Brian McGrattan.
17:36 of 1st period - Deflect By Steven Stamkos.
17:36 of 1st period - Shot Misses the Net.
17:36 of 1st period - Puck is out of play.
17:37 of 1st period - Ryan Kesler wins face-off versus Alexander Frolov in Maple Leafs zone.
17:48 of 1st period - Backhand shot by Ryan Kesler.
17:48 of 1st period - Shot Blocked by Dion Phaneuf.
17:50 of 1st period - Snap shot by Nathan Horton.
17:50 of 1st period - Shot Misses the Net.
17:52 of 1st period - Slapshot by Ryan Kesler.
17:52 of 1st period - Stopped by Marc-André Fleury with a rebound.
18:02 of 1st period - Byron Bitz is hit by Steven Stamkos and loses puck.
18:27 of 1st period - Slapshot by Alexander Frolov.
18:27 of 1st period - Shot Misses the Net.
18:29 of 1st period - Slapshot by Braydon Coburn.
18:29 of 1st period - Stopped by Brian Elliott without a rebound.
18:30 of 1st period - Ryan Kesler wins face-off versus Evgeni Malkin in Penguins zone.
18:30 of 1st period - Minor Penalty to Paul Ranger for Hooking.
18:31 of 1st period - Ryan Kesler wins face-off versus Evgeni Malkin in Penguins zone.
18:38 of 1st period - Snap shot by Ryan Kesler.
18:38 of 1st period - Deflect By Claude Giroux.
18:38 of 1st period - Shot Blocked by Tobias Enstrom.
18:38 of 1st period - Puck is out of play.
18:39 of 1st period - Ryan Kesler wins face-off versus Evgeni Malkin in Maple Leafs zone.
19:04 of 1st period - Wrist shot by Claude Giroux.
19:04 of 1st period - Shot Misses the Net.
19:14 of 1st period - Snap shot by Claude Giroux.
19:14 of 1st period - Shot Blocked by Peter Forsberg.
19:16 of 1st period - Snap shot by Dion Phaneuf.
19:16 of 1st period - Stopped by Brian Elliott without a rebound.
19:17 of 1st period - Brendan Morrison wins face-off versus Ryan Kesler in Penguins zone.
Goals for this period are 0 for Maple Leafs vs 0 for Penguins.
Shots for this period are 6 for Maple Leafs vs 11 for Penguins.
2nd period
0:01 of 2nd period - Evgeni Malkin wins face-off versus Ryan Kesler in neutral zone.
0:08 of 2nd period - Slapshot by Claude Giroux.
0:08 of 2nd period - Stopped by Brian Elliott without a rebound.
0:09 of 2nd period - Evgeni Malkin wins face-off versus Ryan Kesler in Penguins zone.
0:16 of 2nd period - Wrist shot by Evgeni Malkin.
0:16 of 2nd period - Stopped by Brian Elliott without a rebound.
0:17 of 2nd period - Ryan Kesler wins face-off versus Evgeni Malkin in Penguins zone.
0:30 of 2nd period - Penalty to Paul Ranger is over, Paul Ranger is back on ice.
0:33 of 2nd period - Snap shot by Claude Giroux.
0:33 of 2nd period - Shot Misses the Net.
0:49 of 2nd period - Snap shot by Brendan Morrison.
0:49 of 2nd period - Stopped by Brian Elliott without a rebound.
0:50 of 2nd period - Steven Stamkos wins face-off versus Brendan Morrison in Penguins zone.
1:21 of 2nd period - Wrist shot by Simon Gagné.
1:21 of 2nd period - Shot Blocked by Fabian Brunnstrom.
1:48 of 2nd period - Brent Sopel is hit by Colby Armstrong and loses puck.
2:10 of 2nd period - Brent Sopel is hit by Braydon Coburn and loses puck.
2:33 of 2nd period - Wrist shot by Steven Stamkos.
2:33 of 2nd period - Shot Misses the Net.
2:51 of 2nd period - Slapshot by Evgeni Malkin.
2:51 of 2nd period - Stopped by Brian Elliott without a rebound.
2:52 of 2nd period - Peter Forsberg wins face-off versus Evgeni Malkin in Penguins zone.
2:57 of 2nd period - Wrist shot by Bobby Ryan.
2:57 of 2nd period - Shot Misses the Net.
2:59 of 2nd period - Slapshot by Luke Schenn.
2:59 of 2nd period - Stopped by Marc-André Fleury without a rebound.
3:00 of 2nd period - Evgeni Malkin wins face-off versus Peter Forsberg in Maple Leafs zone.
3:11 of 2nd period - Slapshot by Bobby Ryan.
3:11 of 2nd period - Shot Misses the Net.
3:21 of 2nd period - Minor Penalty to Fabian Brunnstrom for Holding Stick.
3:22 of 2nd period - Evgeni Malkin wins face-off versus Ryan Kesler in Maple Leafs zone.
3:37 of 2nd period - Snap shot by Ryan Kesler.
3:37 of 2nd period - Shot Blocked by Claude Giroux.
3:57 of 2nd period - Snap shot by Dustin Penner.
3:57 of 2nd period - Shot Blocked by Dion Phaneuf.
4:03 of 2nd period - Minor Penalty to Jordan Staal for Hooking.
4:04 of 2nd period - Simon Gagné wins face-off versus Claude Giroux in Maple Leafs zone.
5:09 of 2nd period - Slapshot by Brendan Morrison.
5:09 of 2nd period - Goal by Brendan Morrison - Maple Leafs : 1 - Penguins : 0.
5:10 of 2nd period - Ryan Kesler wins face-off versus Claude Giroux in neutral zone.
5:13 of 2nd period - Snap shot by Simon Gagné.
5:13 of 2nd period - Stopped by Marc-André Fleury without a rebound.
5:14 of 2nd period - Claude Giroux wins face-off versus Ryan Kesler in Maple Leafs zone.
5:21 of 2nd period - Penalty to Fabian Brunnstrom is over, Fabian Brunnstrom is back on ice.
5:40 of 2nd period - Tobias Enstrom is hit by Ryan Kesler and loses puck.
6:03 of 2nd period - Penalty to Jordan Staal is over, Jordan Staal is back on ice.
6:05 of 2nd period - Wrist shot by Ryan Kesler.
6:05 of 2nd period - Deflect By Simon Gagné.
6:05 of 2nd period - Shot Misses the Net.
6:05 of 2nd period - Puck is out of play.
6:06 of 2nd period - Bobby Ryan wins face-off versus Brendan Morrison in Maple Leafs zone.
6:36 of 2nd period - Snap shot by Colby Armstrong.
6:36 of 2nd period - Stopped by Brian Elliott with a rebound.
6:42 of 2nd period - Wrist shot by Steve Sullivan.
6:42 of 2nd period - Stopped by Marc-André Fleury with a rebound.
6:44 of 2nd period - Snap shot by Steve Sullivan.
6:44 of 2nd period - Deflect By Steven Stamkos.
6:44 of 2nd period - Stopped by Marc-André Fleury without a rebound.
6:45 of 2nd period - Alexander Frolov wins face-off versus Peter Forsberg in Maple Leafs zone.
6:45 of 2nd period - Alexander Frolov is hit by Dustin Penner.
7:12 of 2nd period - Lubomir Visnovsky is hit by Brooks Orpik and loses puck.
7:35 of 2nd period - Wrist shot by Colby Armstrong.
7:35 of 2nd period - Shot Misses the Net.
7:37 of 2nd period - Slapshot by Dion Phaneuf.
7:37 of 2nd period - Stopped by Brian Elliott without a rebound.
7:38 of 2nd period - Peter Forsberg wins face-off versus Evgeni Malkin in Penguins zone.
7:40 of 2nd period - Paul Ranger is hit by Evgeni Malkin and loses puck.
7:43 of 2nd period - Minor Penalty to Evgeni Malkin for Hooking.
7:44 of 2nd period - Ryan Kesler wins face-off versus Brendan Morrison in Maple Leafs zone.
7:55 of 2nd period - Slapshot by Ryan Kesler.
7:55 of 2nd period - Goal by Ryan Kesler - Maple Leafs : 1 - Penguins : 1.
7:56 of 2nd period - Ryan Kesler wins face-off versus Evgeni Malkin in neutral zone.
7:59 of 2nd period - Slapshot by Brent Sopel.
7:59 of 2nd period - Stopped by Marc-André Fleury without a rebound.
8:00 of 2nd period - Evgeni Malkin wins face-off versus Ryan Kesler in Maple Leafs zone.
8:09 of 2nd period - Wrist shot by Nathan Horton.
8:09 of 2nd period - Stopped by Marc-André Fleury with a rebound.
8:31 of 2nd period - Slapshot by Brent Sopel.
8:31 of 2nd period - Stopped by Marc-André Fleury with a rebound.
8:33 of 2nd period - Slapshot by Brooks Orpik.
8:33 of 2nd period - Deflect By Byron Bitz.
8:33 of 2nd period - Stopped by Marc-André Fleury without a rebound.
8:34 of 2nd period - Brendan Morrison wins face-off versus Dustin Penner in Maple Leafs zone.
8:59 of 2nd period - Icing by Dustin Penner.
9:00 of 2nd period - Simon Gagné wins face-off versus Evgeni Malkin in Penguins zone.
9:00 of 2nd period - Simon Gagné is hit by Dion Phaneuf.
9:08 of 2nd period - Wrist shot by Simon Gagné.
9:08 of 2nd period - Deflect By Claude Giroux.
9:08 of 2nd period - Stopped by Marc-André Fleury without a rebound.
9:09 of 2nd period - Evgeni Malkin wins face-off versus Ryan Kesler in Maple Leafs zone.
9:23 of 2nd period - Snap shot by Fabian Brunnstrom.
9:23 of 2nd period - Shot Misses the Net.
9:25 of 2nd period - Snap shot by Dion Phaneuf.
9:25 of 2nd period - Stopped by Brian Elliott with a rebound.
9:35 of 2nd period - Braydon Coburn is hit by Bobby Ryan and loses puck.
9:57 of 2nd period - Wrist shot by Jordan Staal.
9:57 of 2nd period - Stopped by Brian Elliott without a rebound.
9:58 of 2nd period - Jordan Staal wins face-off versus Steven Stamkos in Penguins zone.
10:06 of 2nd period - Off-side.
10:07 of 2nd period - Evgeni Malkin wins face-off versus Ryan Kesler in neutral zone.
10:10 of 2nd period - Slapshot by Claude Giroux.
10:10 of 2nd period - Stopped by Brian Elliott without a rebound.
10:10 of 2nd period - Minor Penalty to Fabian Brunnstrom for Holding.
10:11 of 2nd period - Ryan Kesler wins face-off versus Evgeni Malkin in Maple Leafs zone.
11:04 of 2nd period - Paul Ranger is hit by Claude Giroux and loses puck.
12:10 of 2nd period - Penalty to Fabian Brunnstrom is over, Fabian Brunnstrom is back on ice.
12:58 of 2nd period - Icing by Paul Ranger.
12:59 of 2nd period - Peter Forsberg wins face-off versus Jordan Staal in Penguins zone.
13:08 of 2nd period - Snap shot by Colby Armstrong.
13:08 of 2nd period - Stopped by Brian Elliott with a rebound.
13:16 of 2nd period - Paul Ranger is hit by Matt Pettinger and loses puck.
13:43 of 2nd period - Snap shot by Rob Schremp.
13:43 of 2nd period - Shot Misses the Net.
14:09 of 2nd period - Peter Forsberg is hit by Byron Bitz and loses puck.
14:15 of 2nd period - Penalty Shot by Dustin Penner for Penguins.
14:15 of 2nd period - Snap shot by Dustin Penner.
14:15 of 2nd period - Goal by Dustin Penner - Maple Leafs : 1 - Penguins : 2.
14:16 of 2nd period - Ryan Kesler wins face-off versus Evgeni Malkin in neutral zone.
14:17 of 2nd period - Evgeni Malkin wins face-off versus Ryan Kesler in Penguins zone.
14:18 of 2nd period - Snap shot by Claude Giroux.
14:18 of 2nd period - Shot Misses the Net.
14:26 of 2nd period - Wrist shot by Ryan Kesler.
14:26 of 2nd period - Deflect By Evgeni Malkin.
14:26 of 2nd period - Shot Misses the Net.
14:26 of 2nd period - Puck is out of play.
14:27 of 2nd period - Evgeni Malkin wins face-off versus Ryan Kesler in Maple Leafs zone.
14:36 of 2nd period - Nathan Horton is hit by Lubomir Visnovsky and loses puck.
15:27 of 2nd period - Snap shot by Simon Gagné.
15:27 of 2nd period - Stopped by Marc-André Fleury with a rebound.
15:39 of 2nd period - Snap shot by Ryan Kesler.
15:39 of 2nd period - Stopped by Marc-André Fleury with a rebound.
15:41 of 2nd period - Slapshot by Brooks Orpik.
15:41 of 2nd period - Shot Blocked by Tobias Enstrom.
15:43 of 2nd period - Snap shot by Ryan Kesler.
15:43 of 2nd period - Shot Misses the Net.
15:45 of 2nd period - Slapshot by Brent Sopel.
15:45 of 2nd period - Stopped by Marc-André Fleury without a rebound.
15:46 of 2nd period - Alexander Frolov wins face-off versus Peter Forsberg in Maple Leafs zone.
16:16 of 2nd period - Off-side.
16:17 of 2nd period - Steven Stamkos wins face-off versus Jordan Staal in neutral zone.
16:42 of 2nd period - Jordan Staal is hit by Brian McGrattan and loses puck.
16:49 of 2nd period - Slapshot by Jamie McBain.
16:49 of 2nd period - Shot Blocked by Steve Sullivan.
16:51 of 2nd period - Slapshot by Dion Phaneuf.
16:51 of 2nd period - Shot Blocked by Steve Sullivan.
16:53 of 2nd period - Slapshot by Matt Pettinger.
16:53 of 2nd period - Shot Misses the Net.
16:55 of 2nd period - Slapshot by Colby Armstrong.
16:55 of 2nd period - Shot Misses the Net.
16:57 of 2nd period - Wrist shot by Matt Pettinger.
16:57 of 2nd period - Shot Misses the Net.
16:59 of 2nd period - Slapshot by Braydon Coburn.
16:59 of 2nd period - Shot Misses the Net.
17:01 of 2nd period - Slapshot by Dion Phaneuf.
17:01 of 2nd period - Stopped by Brian Elliott without a rebound.
17:02 of 2nd period - Peter Forsberg wins face-off versus Alexander Frolov in Penguins zone.
17:24 of 2nd period - Minor Penalty to Brendan Morrison for High sticking.
17:25 of 2nd period - Evgeni Malkin wins face-off versus Ryan Kesler in Maple Leafs zone.
17:50 of 2nd period - Bobby Ryan is hit by Dion Phaneuf and loses puck.
19:24 of 2nd period - Penalty to Brendan Morrison is over, Brendan Morrison is back on ice.
19:31 of 2nd period - Bobby Ryan is hit by Blake Comeau.
Goals for this period are 1 for Maple Leafs vs 2 for Penguins.
Shots for this period are 12 for Maple Leafs vs 13 for Penguins.
3rd period
0:01 of 3rd period - Ryan Kesler wins face-off versus Evgeni Malkin in neutral zone.
1:49 of 3rd period - Wrist shot by Claude Giroux.
1:49 of 3rd period - Stopped by Brian Elliott without a rebound.
1:50 of 3rd period - Brendan Morrison wins face-off versus Steven Stamkos in Penguins zone.
1:53 of 3rd period - Wrist shot by Alexander Frolov.
1:53 of 3rd period - Stopped by Brian Elliott without a rebound.
1:54 of 3rd period - Brendan Morrison wins face-off versus Steven Stamkos in Penguins zone.
1:55 of 3rd period - Snap shot by Byron Bitz.
1:55 of 3rd period - Shot Misses the Net.
1:57 of 3rd period - Slapshot by Brendan Morrison.
1:57 of 3rd period - Shot Blocked by Steve Sullivan.
2:59 of 3rd period - Wrist shot by Rob Schremp.
2:59 of 3rd period - Stopped by Brian Elliott with a rebound.
3:01 of 3rd period - Slapshot by Braydon Coburn.
3:01 of 3rd period - Shot Misses the Net.
3:03 of 3rd period - Wrist shot by Justin Abdelkader.
3:03 of 3rd period - Stopped by Brian Elliott with a rebound.
3:05 of 3rd period - Slapshot by Dion Phaneuf.
3:05 of 3rd period - Deflect By Justin Abdelkader.
3:05 of 3rd period - Stopped by Brian Elliott with a rebound.
4:08 of 3rd period - Minor Penalty to Bobby Ryan for Holding Stick.
4:09 of 3rd period - Ryan Kesler wins face-off versus Evgeni Malkin in Penguins zone.
4:49 of 3rd period - Lubomir Visnovsky is hit by Brent Sopel and loses puck.
5:00 of 3rd period - Brent Sopel is hit by Fabian Brunnstrom and loses puck.
5:17 of 3rd period - Jamie McBain is hit by Brent Sopel and loses puck.
6:08 of 3rd period - Penalty to Bobby Ryan is over, Bobby Ryan is back on ice.
6:17 of 3rd period - Snap shot by Colby Armstrong.
6:17 of 3rd period - Shot Misses the Net.
6:30 of 3rd period - Off-side.
6:31 of 3rd period - Rob Schremp wins face-off versus Ryan Kesler in neutral zone.
6:40 of 3rd period - Wrist shot by Rob Schremp.
6:40 of 3rd period - Stopped by Brian Elliott with a rebound.
7:05 of 3rd period - Steve Sullivan is hit by Colby Armstrong and loses puck.
7:34 of 3rd period - Jamie McBain is hit by Bobby Ryan and loses puck.
8:46 of 3rd period - Sean Zimmerman is hit by Rob Schremp and loses puck.
8:53 of 3rd period - Braydon Coburn is hit by Steven Stamkos and loses puck.
9:04 of 3rd period - Braydon Coburn is hit by Dustin Penner and loses puck.
9:12 of 3rd period - Icing by Dion Phaneuf.
9:13 of 3rd period - Ryan Kesler wins face-off versus Brendan Morrison in Maple Leafs zone.
9:18 of 3rd period - Snap shot by Ryan Kesler.
9:18 of 3rd period - Shot Misses the Net.
9:34 of 3rd period - Minor Penalty to Brooks Orpik for Hooking.
9:35 of 3rd period - Evgeni Malkin wins face-off versus Ryan Kesler in Penguins zone.
9:42 of 3rd period - Snap shot by Evgeni Malkin.
9:42 of 3rd period - Deflect By Ryan Kesler.
9:42 of 3rd period - Stopped by Brian Elliott with a rebound.
9:44 of 3rd period - Slapshot by Evgeni Malkin.
9:44 of 3rd period - Goal by Evgeni Malkin - Maple Leafs : 2 - Penguins : 2.
9:45 of 3rd period - Ryan Kesler wins face-off versus Evgeni Malkin in neutral zone.
9:52 of 3rd period - Icing by Evgeni Malkin.
9:53 of 3rd period - Evgeni Malkin wins face-off versus Ryan Kesler in Maple Leafs zone.
10:26 of 3rd period - Snap shot by Bobby Ryan.
10:26 of 3rd period - Goal by Bobby Ryan - Maple Leafs : 2 - Penguins : 3.
10:27 of 3rd period - Ryan Kesler wins face-off versus Evgeni Malkin in neutral zone.
10:44 of 3rd period - Snap shot by Claude Giroux.
10:44 of 3rd period - Stopped by Brian Elliott without a rebound.
10:45 of 3rd period - Peter Forsberg wins face-off versus Brendan Morrison in Penguins zone.
10:58 of 3rd period - Brooks Orpik is hit by Brendan Morrison and loses puck.
11:18 of 3rd period - Snap shot by Simon Gagné.
11:18 of 3rd period - Shot Misses the Net.
11:42 of 3rd period - Snap shot by Matt Pettinger.
11:42 of 3rd period - Shot Blocked by Steven Stamkos.
11:44 of 3rd period - Slapshot by Colby Armstrong.
11:44 of 3rd period - Stopped by Brian Elliott with a rebound.
11:58 of 3rd period - Wrist shot by Justin Abdelkader.
11:58 of 3rd period - Deflect By Rob Schremp.
11:58 of 3rd period - Stopped by Brian Elliott without a rebound.
11:59 of 3rd period - Denis Arkhipov wins face-off versus Evgeni Malkin in Penguins zone.
12:39 of 3rd period - Icing by Dion Phaneuf.
12:40 of 3rd period - Jordan Staal wins face-off versus Steven Stamkos in Maple Leafs zone.
13:18 of 3rd period - Minor Penalty to Brent Sopel for High sticking.
13:19 of 3rd period - Ryan Kesler wins face-off versus Evgeni Malkin in Penguins zone.
13:46 of 3rd period - Brooks Orpik is hit by Claude Giroux and loses puck.
14:07 of 3rd period - Wrist shot by Evgeni Malkin.
14:07 of 3rd period - Shot Blocked by Simon Gagné.
15:18 of 3rd period - Penalty to Brent Sopel is over, Brent Sopel is back on ice.
16:02 of 3rd period - Wrist shot by Colby Armstrong.
16:02 of 3rd period - Shot Blocked by Bobby Ryan.
16:30 of 3rd period - Taylor Chorney is hit by Steve Sullivan and loses puck.
16:41 of 3rd period - Blake Comeau is hit by Dustin Penner and loses puck.
16:52 of 3rd period - Slapshot by Steven Stamkos.
16:52 of 3rd period - Goal by Steven Stamkos - Maple Leafs : 2 - Penguins : 4.
16:53 of 3rd period - Denis Arkhipov wins face-off versus Evgeni Malkin in neutral zone.
16:58 of 3rd period - Slapshot by Sean Zimmerman.
16:58 of 3rd period - Deflect By Denis Arkhipov.
16:58 of 3rd period - Shot Blocked by Braydon Coburn.
16:58 of 3rd period - Puck is out of play.
16:59 of 3rd period - Evgeni Malkin wins face-off versus Denis Arkhipov in Maple Leafs zone.
17:05 of 3rd period - Paul Ranger is hit by Evgeni Malkin and loses puck.
17:10 of 3rd period - Wrist shot by Evgeni Malkin.
17:10 of 3rd period - Shot Misses the Net.
18:31 of 3rd period - Slapshot by Ryan Kesler.
18:31 of 3rd period - Shot Blocked by Jamie McBain.
18:41 of 3rd period - Wrist shot by Justin Abdelkader.
18:41 of 3rd period - Shot Misses the Net.
19:05 of 3rd period - Snap shot by Brent Sopel.
19:05 of 3rd period - Stopped by Marc-André Fleury without a rebound.
19:06 of 3rd period - Jordan Staal wins face-off versus Steven Stamkos in Maple Leafs zone.
19:10 of 3rd period - Minor Penalty to Brian McGrattan for Hooking.
19:11 of 3rd period - Ryan Kesler wins face-off versus Evgeni Malkin in Penguins zone.
19:26 of 3rd period - Off-side.
19:27 of 3rd period - Claude Giroux wins face-off versus Ryan Kesler in neutral zone.
19:32 of 3rd period - Snap shot by Tobias Enstrom.
19:32 of 3rd period - Stopped by Brian Elliott with a rebound.
19:34 of 3rd period - Snap shot by Evgeni Malkin.
19:34 of 3rd period - Shot Misses the Net.
19:36 of 3rd period - Slapshot by Dion Phaneuf.
19:36 of 3rd period - Deflect By Evgeni Malkin.
19:36 of 3rd period - Shot Blocked by Brooks Orpik.
19:36 of 3rd period - Puck is out of play.
19:37 of 3rd period - Ryan Kesler wins face-off versus Evgeni Malkin in Penguins zone.
19:47 of 3rd period - Off-side.
19:48 of 3rd period - Ryan Kesler wins face-off versus Evgeni Malkin in neutral zone.
Goals for this period are 1 for Maple Leafs vs 2 for Penguins.
Shots for this period are 12 for Maple Leafs vs 3 for Penguins.
Output by the SimonT Hockey Simulator (STHS) for François Prévost -- Original Page W3C XHTML 1.0 Valid